Workbook

Sheet 1
A1: =("[")&('Pour Escient'!B2)&(", ")&('Pour Escient'!B1)&("|")&('Pour Escient'!G11)&("|0")&("]") -> [, |Pas bon|0]
A2: T2125[1].Fed.Toabua102 | D2: Ventes et commissions
A3: T2125[1].Fed.Toabua106 | D3: TPS/TVH et TVP
A4: T2125[1].Fed.Toabua107 | D4: La TPS/TVH, la taxe de vente provinciale, les retours, les rabais, les escomptes et les redressements de TPS/TVH (inclus au montant 3A)
A5: T2125[1].Fed.Toabua734 | D5: Si vous utilisez la méthode rapide pour la TPS/TVH – Aide gouvernementale calculée comme suit : TPS/TVH perçue ou à percevoir sur les ventes, les commissions et les honoraires admissibles à la méthode rapide
A6: T2125[1].Fed.Toabua735 | D6: TPS/TVH remise : (les ventes, les commissions et les honoraires admissibles à la méthode rapide plus la TPS/TVH perçue ou à percevoir) multipliés par le taux de versement applicable selon la méthode rapide
A7: T2125[1].Fed.Toabua671 | B7: ='Form T2125'!H13 -> 0 | D7: Honoraires bruts, y compris vos travaux en cours et la TPS/TVH perçue ou à percevoir
A8: T2125[1].Fed.Toabua210 | B8: ='Form T2125'!J46 -> 0 | D8: Publicité
A9: T2125[1].Fed.Toabua209 | B9: ='Form T2125'!J45 -> 0 | D9: Repas et frais de représentation – Engagés
A10: T2125[1].Fed.Toabua682 | D10: Repas et frais de représentation – Engagés par les camionneurs de grand routier
A11: T2125[1].Fed.Toabua211 | D11: Créances irrécouvrables
A12: T2125[1].Fed.Toabua215 | B12: ='Form T2125'!J47 -> 0 | D12: Assurances
A13: T2125[1].Fed.Toabua216 | B13: ='Form T2125'!J38 -> 0 | D13: Intérêts et frais bancaires
A14: T2125[1].Fed.Toabua212 | B14: ='Form T2125'!J34 -> 0 | D14: Taxes d'affaires, droits d'adhésion et licences
A15: T2125[1].Fed.Toabua221 | B15: ='Form T2125'!J39 -> 0 | D15: Frais de bureau
A16: T2125[1].Fed.Toabua224 | B16: ='Form T2125'!J50 -> 0 | D16: Papeterie et fournitures de bureau
A17: T2125[1].Fed.Toabua225 | B17: ='Form T2125'!H58 -> 0 | D17: Honoraires professionnels (y compris les frais comptables et juridiques)
A18: T2125[1].Fed.Toabua218 | D18: Frais de gestion et d'administration
A19: T2125[1].Fed.Toabua227 | B19: ='Form T2125'!H65 -> 0 | D19: Loyer
A20: T2125[1].Fed.Toabua217 | B20: ='Form T2125'!J49 -> 0 | D20: Réparations et entretien
A21: T2125[1].Fed.Toabua231 | B21: ='Form T2125'!H72 -> 0 | D21: Salaires – Salaires (y compris les cotisations de l'employeur)
A22: T2125[1].Fed.Toabua232 | D22: Salaires – Commissions versées, traitements, primes, etc.
A23: T2125[1].Fed.Toabua226 | D23: Impôts fonciers
A24: T2125[1].Fed.Toabua233 | B24: ='Form T2125'!H82 -> 0 | D24: Frais de voyage – déplacement
A25: T2125[1].Fed.Toabua234 | D25: Frais de voyage – congrès
A26: T2125[1].Fed.Toabua235 | D26: Téléphone et services publics – Électricité, chauffage, eau
A27: T2125[1].Fed.Toabua236 | B27: ='Form T2125'!J77 -> 0 | D27: Téléphone et services publics – Téléphone et services publics
A28: T2125[1].Fed.Toabua214 | D28: Carburant et huile (sauf pour véhicules à moteur)
A29: T2125[1].Fed.Toabua213 | D29: Livraison, transport et messagerie
A30: T2125[1].Fed.Toabua223 | D30: Dépenses relatives aux véhicules à moteur (sans la DPA) (montant 16 du tableau A) – Autres frais
A31: T2125[1].Fed.Toabua239 | D31: Autres dépenses – Provision – Description
A32: T2125[1].Fed.Toabua250 | D32: Autres dépenses – Provision – Montant
A33: T2125[1].Fed.Toabua251 | B33: ='Form T2125'!H51 -> 0 | D33: Primes d'un régime privé d'assurance-maladie
A34: T2125[1].Fed.Toabua240 | B34: Training costs | D34: 1 – Autres dépenses – Description
A35: T2125[1].Fed.Toabua252 | B35: ='Form T2125'!J80 -> 0 | D35: 1 – Autres dépenses – Montant
A36: T2125[1].Fed.Toabua241 | B36: ='Form T2125'!C91 -> Remuneration to the dentist owner (RL-27) | D36: 2 – Autres dépenses – Description
A37: T2125[1].Fed.Toabua253 | B37: ='Form T2125'!H91 -> 0 | D37: 2 – Autres dépenses – Montant
A38: T2125[1].Fed.Toabua242 | B38: ='Form T2125'!C92 -> 0 | D38: 3 – Autres dépenses – Description
A39: T2125[1].Fed.Toabua254 | B39: ='Form T2125'!H92 -> 0 | D39: 3 – Autres dépenses – Montant
A40: T2125[1].Fed.Toabua243 | B40: ='Form T2125'!C93 -> 0 | D40: 4 – Autres dépenses – Description
A41: T2125[1].Fed.Toabua255 | B41: ='Form T2125'!H93 -> 0 | D41: 4 – Autres dépenses – Montant
A42: T2125[1].Fed.Toabua244 | B42: ='Form T2125'!C94 -> 0 | D42: 5 – Autres dépenses – Description
A43: T2125[1].Fed.Toabua256 | B43: ='Form T2125'!H94 -> 0 | D43: 5 – Autres dépenses – Montant
A44: T2125[1].Fed.Toabua245 | B44: ='Form T2125'!C95 -> 0 | D44: 6 – Autres dépenses – Description
A45: T2125[1].Fed.Toabua257 | B45: ='Form T2125'!H95 -> 0 | D45: 6 – Autres dépenses – Montant
A46: T2125[1].Fed.Toabua246 | B46: ='Form T2125'!C96 -> 0 | D46: 7 – Autres dépenses – Description
A47: T2125[1].Fed.Toabua258 | B47: ='Form T2125'!H96 -> 0 | D47: 7 – Autres dépenses – Montant
A48: T2125[1].Fed.Toabua175 | B48: ='Form T2125'!H147 -> 0 | D48: Chauffage
A49: T2125[1].Fed.Toabua176 | B49: ='Form T2125'!H148 -> 0 | D49: Électricité
A50: T2125[1].Fed.Toabua177 | B50: ='Home office expenses'!E19 -> 0 | D50: Assurances
A51: T2125[1].Fed.Toabua178 | B51: ='Form T2125'!H150 -> 0 | D51: Entretien
A52: T2125[1].Fed.Toabua179 | B52: ='Form T2125'!H151 -> 0 | D52: Intérêt hypothécaire
A53: T2125[1].Fed.Toabua180 | B53: ='Form T2125'!H152 -> 0 | D53: Impôts fonciers
A54: T2125[1].Fed.Toabua185 | D54: Autres dépenses – Description
A55: T2125[1].Fed.Toabua182 | B55: ='Form T2125'!H153 -> 0 | D55: Autres dépenses – Montant
A56: T2125[1].Fed.Toabua191 | D56: Plus : Déduction pour amortissement (partie affaires seulement), soit le montant ii de la section A moins toute partie de la déduction pour amortissement liée à l'usage personnel ou inscrite à la ligne 9936 de la partie 4
A57: T2125[1].Que.Tobrba651 | B57: ='Form T2125'!J26 -> 0 | D57: Taxes professionnelles (taxes d’affaires) et permis déductibles – TP1, ligne 397.1 – Total
A58: T2125[1].Que.Tobrba729 | B58: ='Form T2125'!J26 -> 0 | D58: Taxes professionnelles (taxes d’affaires) et permis déductibles – TP1, ligne 397.1 – Votre part
A59: T2125[1].Fed.Car.Toavaa14 | B59: ='Vehicle expenses'!F17 -> 0 | D59: Véhicule no 1 – Kilométrage – Nombre de kilomètres parcourus dans l'exercice pour gagner un revenu d'entreprise
A60: T2125[1].Fed.Car.Toavaa15 | B60: ='Vehicle expenses'!F18 -> 0 | D60: Véhicule no 1 – Kilométrage – Nombre total de kilomètres parcourus dans l'exercice
A61: T2125[1].Fed.Car.Toavaa18 | B61: ='Vehicle expenses'!F31 -> 0 | D61: Véhicule no 1 – Tableau A – Dépenses relatives aux véhicules à moteur – Carburant (essence, propane, huile, électricité)
A62: T2125[1].Fed.Car.Toavaa20 | B62: ='Vehicle expenses'!F32 -> 0 | D62: Véhicule no 1 – Tableau A – Dépenses relatives aux véhicules à moteur – Assurances
A63: T2125[1].Fed.Car.Toavaa21 | B63: ='Vehicle expenses'!F33 -> 0 | D63: Véhicule no 1 – Tableau A – Dépenses relatives aux véhicules à moteur – Droits d'immatriculation et permis
A64: T2125[1].Fed.Car.Toavaa19 | B64: ='Vehicle expenses'!F34 -> 0 | D64: Véhicule no 1 – Tableau A – Dépenses relatives aux véhicules à moteur – Entretien et réparation
A65: T2125[1].Fed.Car.Toavaa31 | B65: ='Vehicle expenses'!F35 -> 0 | D65: Véhicule no 1 – Tableau A – Dépenses relatives aux véhicules à moteur – Frais de stationnement liés aux activités commerciales
A66: T2125[1].Fed.Car.Toavaa22 | B66: ='Vehicle expenses'!F28 -> 0 | D66: Véhicule no 1 – Tableau B – Intérêts admissibles pour les voitures de tourisme – Total des intérêts payables (comptabilité d'exercice) ou payés (comptabilité de caisse) dans l'exercice
A67: T2125[1].Fed.Car.Toavaa133 | B67: ='Vehicle expenses'!F29 -> 0 | D67: Véhicule no 1 – Tableau C – Frais de location admissibles pour les voitures de tourisme – Total des frais de location engagés au cours de l'exercice 2013 pour le véhicule
A68: T2125[1].Fed.Car.Toavaa54 | B68: ='Vehicle expenses'!F51 -> 0 | D68: Véhicule no 2 – Kilométrage – Nombre de kilomètres parcourus dans l'exercice pour gagner un revenu d'entreprise
A69: T2125[1].Fed.Car.Toavaa55 | B69: ='Vehicle expenses'!F52 -> 0 | D69: Véhicule no 2 – Kilométrage – Nombre total de kilomètres parcourus dans l'exercice
A70: T2125[1].Fed.Car.Toavaa58 | B70: ='Vehicle expenses'!F65 -> 0 | D70: Véhicule no 2 – Tableau A – Dépenses relatives aux véhicules à moteur – Carburant (essence, propane, huile, électricité)
A71: T2125[1].Fed.Car.Toavaa60 | B71: ='Vehicle expenses'!F66 -> 0 | D71: Véhicule no 2 – Tableau A – Dépenses relatives aux véhicules à moteur – Assurances
A72: T2125[1].Fed.Car.Toavaa61 | B72: ='Vehicle expenses'!F67 -> 0 | D72: Véhicule no 2 – Tableau A – Dépenses relatives aux véhicules à moteur – Droits d'immatriculation et permis
A73: T2125[1].Fed.Car.Toavaa59 | B73: ='Vehicle expenses'!F68 -> 0 | D73: Véhicule no 2 – Tableau A – Dépenses relatives aux véhicules à moteur – Entretien et réparation
A74: T2125[1].Fed.Car.Toavaa71 | B74: ='Vehicle expenses'!F69 -> 0 | D74: Véhicule no 2 – Tableau A – Dépenses relatives aux véhicules à moteur – Frais de stationnement liés aux activités commerciales
A75: T2125[1].Fed.Car.Toavaa62 | B75: ='Vehicle expenses'!F62 -> 0 | D75: Véhicule no 2 – Tableau B – Intérêts admissibles pour les voitures de tourisme – Total des intérêts payables (comptabilité d'exercice) ou payés (comptabilité de caisse) dans l'exercice
A76: T2125[1].Fed.Car.Toavaa163 | B76: ='Vehicle expenses'!F63 -> 0 | D76: Véhicule no 2 – Tableau C – Frais de location admissibles pour les voitures de tourisme – Total des frais de location engagés au cours de l'exercice 2013 pour le véhicule

Sheet Pour Escient
A1: Prénom : | F1: Liste de contribuables :
A2: Nom : | F2: Faites votre choix
A3: Contribuable : | B3: Faites votre choix | F3: Principal | G3: 0
F4: Conjoint | G4: 1
F5: Enfant 1 | G5: 1000
A6: Conciliation du revenu net : | F6: Enfant 2 | G6: 1001
C7: Fédéral | D7: Québec | F7: Enfant 3 | G7: 1002
F8: Enfant 4 | G8: 1003
A9: Revenu net selon la formulaire T2125 : | C9: ='Form T2125'!H100 -> 0 | D9: ='Form T2125'!H100+'1'!B57+'Form T2125'!H51 -> 0 | F9: Enfant 5 | G9: 1004
A10: Frais de véhicule à moteur : | C10: 0 | D10: =C10 -> 0
A11: Amortissement : | C11: 0 | D11: 0 | F11: Donnée renvoiyée | G11: =_xlfn.XLOOKUP(B3,F3:F9,G3:G9,"Pas bon") -> Pas bon
A12: Frais de bureau à domicile : | C12: 0 | D12: 0
A13: Autres :
A14: Autres :
A15: Autres :
C16: =C9-C10-C11-C12-C13-C14-C15 -> 0 | D16: =D9-D10-D11-D12-D13-D14-D15 -> 0
C19: Date
A20: Préparé par :
A21: Révisé par :

Sheet Instructions
B2: Business Income and Expenses | Health Professionals
B4: 1. Fill in the blue boxes with information relevant to your situation.
B6: 2. Complete the Vehicle Expenses and Home Office Expenses forms, if applicable.
B8: 3. Submit all of the following supporting documents :
B10: - | C10: Professional fees
B11: - | C11: Purchase of equipment and capital assets
B12: - | C12: Drug insurance premium
B13: - | C13: Rental contract: car, equipment or other
B14: - | C14: Copy of lease

Sheet Form T2125
H1: 2025
B2: =Instructions!B2 -> Business Income and Expenses | Health Professionals
B4: Name :
B5: Company name :
B6: Financial year start date : | D6: First year of operation? | E6: Selection
B7: Financial year end date : | D7: Last year of operation? | E7: Selection
B10: INCOME
B12: Honoraires | H12: Amount
B13: Total fees not included on T4A, T5013 and RL-27 slips:
B14: Total fees included on T4A, T5013 and RL-27 slips:
B15: - Slip #1 | C15: Type of slip : | D15: Selection
B16: - Slip #2 | C16: Type of slip : | D16: Selection
B17: - Slip #3 | C17: Type of slip : | D17: Selection
B18: - Slip #4 | C18: Type of slip : | D18: Selection
G19: Total : | H19: =SUM(H13:H18) -> 0
B20: EXPENSES
B22: Mandatory professional contributions | H22: Amount
B23: Order of Dentists of Quebec (ODQ):
B24: College of Physicians:
B25: Other :
G26: Total : | H26: =SUM(H23:H25) -> 0 | J26: =IF(H23>0,H23-"35.00",H23)+IF(H24>0,H24-"35.00",H24)+H25 -> 0 | K26: -35.00 office des professions
B28: Other associations and contributions (please attach receipts): | H28: Amount
B29: ACDQ - Association des chirurgiens dentistes du Québec :
B30: Other :
B31: Other :
B32: Other :
B33: Other :
G34: Total : | H34: =SUM(H29:H33) -> 0 | J34: =J26+H34 -> 0
B36: Operating costs | H36: Amount
B37: Interest on your line of credit and bank fees :
B38: Interest on your professional loans (excluding student loans) : | J38: =H37+H38 -> 0
B39: Office expenses (stationary and supplies) : | J39: =H39+H40 -> 0
B40: Reference books :
B41: Laboratory expenses (not deducted from fees) :
B42: Vehicle expenses : | D42: Click here
B43: Home office expenses : | D43: Click here
B44: Advertising (in newspapers, sponsorships, etc.) :
B45: Entertainment expenses (restaurant meals, SAQ, entertainment) : | J45: =H45+H81 -> 0
B46: Client gifts (other than drinks - SAQ) : | J46: =H44+H46 -> 0
B47: Liability insurance (FARPODQ) : | J47: =(IF(H23>0,35,0))+(IF(H24>0,35,0))+H47 -> 0 | K47: Inclus 35 $ office des profession
B48: Laundry and uniforms :
B49: Equipment maintenance and repairs : | J49: =H49+'Home office expenses'!E20 -> 0 | K49: Inclus Entretien et réparation spécifique du bureau à domicile
B50: Supplies paid for by you (dental, medical or podiatric) : | J50: =H41+H48+H50 -> 0
B51: Drug and health care insurance premium (please attach invoice)
B52: (do not include life insurance and disability insurance premiums, as these are not deductible):
G53: Total : | H53: =SUM(H37:H52) -> 0
B55: Professional fees | H55: Amount
B56: Accountant :
B57: Lawyer :
G58: Total : | H58: =SUM(H56:H57) -> 0
B60: EXPENSES (continued)
B62: Rent | H62: Amount
B63: Rent (rental of an examination room) :
B64: Total rental costs (please provide us with contracts) :
G65: Total : | H65: =SUM(H63:H64) -> 0
B67: Salaries and social security contributions | H67: Amount
B68: Salaries :
B69: Social security contributions - Federal :
B70: Social security contributions - Québec :
B71: Payroll processing :
G72: Total : | H72: =SUM(H68:H71) -> 0
B74: Telecommunication costs | H74: Amount
B75: Cellular :
B76: Internet :
G77: Total : | H77: =SUM(H75:H76) -> 0 | J77: =H77/2 -> 0
B79: Training and conference costs | H79: Amount
B80: Registration fees : | J80: =H80+H88 -> 0
B81: Meals during training :
B82: Travel expenses (outside the city: transport, hotel, taxi, etc.):
G83: Total : | H83: =SUM(H80:H82) -> 0
B85: Exam fees | H85: Amount
B86: ODQ :
B87: National Dental Examining Board of Canada (NDEB) :
G88: Total : | H88: =SUM(H86:H87) -> 0
B90: Other expenses | H90: Amount
B91: Other : | C91: Remuneration to the dentist owner (RL-27)
B92: Other :
B93: Other :
B94: Other :
B95: Other :
B96: Other :
G97: Total : | H97: =SUM(H91:H96) -> 0
B99: Total adjusted expenses (before capital cost allowance, vehicle expenses and home office expenses): | H99: =H26+H34+H53+H58+H65+H72+H77+H88+H83+H97-(J45/2)-(H77/2)+'Home office expenses'!E20 -> 0
B100: Adjusted net income (before capital cost allowance, vehicle expenses and home office expenses): | H100: =H19-H99 -> 0
B102: PURCHASE OF FIXED ASSETS
B104: Purchase - Equipment (please provide your invoices) | F104: Acquisition date | H104: Amount
B105: Equipment :
B106: Equipment :
B107: Equipment :
B108: Equipment :
G109: Total : | H109: =SUM(H105:H108) -> 0
B111: Purchase - Instruments (bogey) (please provide your invoices) | F111: Acquisition date | H111: Amount
B112: Instruments :
B113: Instruments :
B114: Please attach receipts if the instrument was acquired during your studies and this is your first year | G114: Total : | H114: =SUM(H112:H113) -> 0
B116: Purchase - IT equipment (please provide your invoices) | F116: Acquisition date | H116: Amount
B117: IT equipment :
B118: IT equipment :
G119: Total : | H119: =SUM(H117:H118) -> 0
B121: Purchase - Software (please provide your invoices) | F121: Acquisition date | H121: Amount
...

Sheet Vehicle expenses
F1: 2025
B2: =Instructions!B2 -> Business Income and Expenses | Health Professionals
B3: Vehicle expenses (if applicable)
C4: Please provide a copy of any new contracts signed within the year
B5: Vehicle 1
B6: Vehicle information
B7: Make :
B8: Model :
B9: Year :
B10: Type of vehicle : | D10: Selection
B12: Date | F12: Date
B13: Date of acquisition or start of lease :
B14: Date of disposition or end of lease :
B16: Mileage | F16: KM
B17: Mileage driven to earn business income in the year (see note) :
B18: Total mileage traveled in the year :
B20: Vehicle value | F20: Amount
B21: Value of the vehicle at the time of purchase or at the start of the lease (MSRP) before taxes and grants :
B22: Amounts of grants received (purchased vehicle only):
B23: - Federal grant :
B24: - Provincial grant :
B25: Amount for which it was sold or traded in (purchased vehicle only) :
B27: Expenses paid | F27: Amount
B28: Total interest paid in the year (if acquisition with financing only) :
B29: Total lease fees paid in the year :
B31: Fuel (gas, oil, electricity) :
B32: Insurance :
B33: Registration fees and driving license:
B34: Maintenance and repairs :
B35: Parking fees for business purposes (other than at work) :
E37: Total : | F37: =SUM(F28:F35) -> 0
B39: Vehicle 2
B40: Vehicle information
B41: Make :
B42: Model :
B43: Year :
B44: Type of vehicle : | D44: Selection
B46: Date | F46: Date
B47: Date of acquisition or start of lease :
B48: Date of disposition or end of lease :
B50: Mileage | F50: KM
B51: Mileage driven to earn business income in the year (see note) :
B52: Total mileage traveled in the year :
B54: Vehicle value | F54: Amount
B55: Value of the vehicle at the time of purchase or at the start of the lease (MSRP) before taxes and grants :
B56: Amounts of grants received (purchased vehicle only):
B57: - Federal grant :
B58: - Provincial grant :
B59: Amount for which it was sold or traded in (purchased vehicle only) :
B61: Expenses paid | F61: Amount
B62: Total interest paid in the year (if acquisition with financing only) :
B63: Total lease fees paid in the year :
B65: Fuel (gas, oil, electricity) :
B66: Insurance :
B67: Registration fees and driving license:
B68: Maintenance and repairs :
B69: Parking fees for business purposes (other than at work) :
E71: Total : | F71: =SUM(F62:F69) -> 0
B74: Note : | C74: Mileage driven for business purposes (must exclude KM between home and work).
C76: Maintaining a travel log is required to support business mileage and mileage traveled during the year. It may be requested by tax authorities in the event of an audit.

Sheet Home office expenses
K1: 2025
B2: =Instructions!B2 -> Business Income and Expenses | Health Professionals
B3: Home office expenses (if applicable)
B5: Indicate the area used by you only. If the office is shared with your spouse, enter only 50% of the area. In this case, your spouse will have to enter the other 50% of the area used on his or her own form.
T6: Ne pas effacer
B7: If you moved during the year, please provide the requested information separately for each home office. | T7: Choose a unit of measurement
T8: Square feet
B9: Area (mandatory section) | T9: Square meters
B10: Total number of rooms: | E10: Total area:
D11: ou | F11: Ú | O11: 1 | Q11: =IF(O11=2,E11,IF(O11=3,E11*3.28,B11)) -> 0
B12: Number of rooms used for business purposes: | E12: Area used for business purposes:
D13: ou | F13: Ú | O13: 1 | Q13: =IF(O13=2,E13,IF(O13=3,E13*3.28,B13)) -> 0
B15: Description of expenses
E16: Annual costs | K16: Annual costs
B17: Heating : | F17: Rent (if tenant) : | O17: =+I17+I18+I19 -> 0
B18: Electricity : | F18: Condominium fees :
B19: Home insurance : | F19: Alarm system :
B20: Specific maintenance (see note 1) : | F20: Telephone (see note 3): | O20: =+E20+E21 -> 0
B21: Non-specific maintenance (see note 2) : | F21: Internet (see note 3) :
B22: Interest on mortgage : | F22: Supplies (see note 3) :
B23: Property taxes (municipal and school taxes) :
F24: Dépenses totales : | I24: =IF(SUM(E17:E23,I17:K19)=0,"",SUM(E17:E23,I17:K19))
B26: Additional information
B35: Note 1) | C35: Specific maintenance expense - only for the workspace (no proration based on area)
C36: - Maintenance work carried out exclusively in the home office;
C37: - Painting the home office, buying light bulbs, etc.
B39: Note 2) | C39: Non-specific maintenance expense - prorated according to surface area
C40: Eligible expenses based on surface area :
C41: - Minor repairs and routine maintenance (example: furnace and air conditioning repairs);
C42: - Purchase of household products, etc.
C43: Non-eligible maintenance expenses :
C44: - Lawn care;
C45: - Parking snow removal costs;
C46: - Cost of exterior painting;
C47: - Repairs to the exterior brick of the house;
C48: - Landscaping, etc.
B50: Note 3) | C50: Communication costs (telephone and internet) are deductible through your current business expenses. They must be included in the "Form T2125" tab.

Sheet Changement
A1: Année d'imposition : | C1: 2025
A6: Selection
A7: Yes
A8: No
A10: Selection
A11: T4A
A12: T5013
A13: RL27
A15: Selection
A16: Gaz or diesel
A17: Electric
A18: Hybrid
